Match 36493021
Unlisted

Match 36493021
End
Scout Squad
Construct Barracks
Riflemen Squad
Selects Armored Battlegroup
Selects Veteran Crews
1⁄4-ton 4x4 Truck
Grenade Package
Riflemen Squad
Air Support Center
P-47 Strafing Run
M1918 Browning Automatic Rifles
Selects Strength in Steel
Construct Medical Station
Engineer Squad
Riflemen Squad
Construct Motor Pool
P-47 Strafing Run
Selects M8 Scott SPG
M8 Scott SPG
Selects UNKNOWN (2160077)
Construct Tank Depot
Selects M31 Recovery Vehicle
Air Supply
Grasshopper Recon Run
P-47 Strafing Run
M4A3E8 Sherman Easy Eight
P-47 Dive Bomb
M31 Recovery Vehicle
P-47 Strafing Run
Riflemen Squad
Riflemen Squad
M4A3E8 Sherman Easy Eight
Selects War Machine
P-47 Dive Bomb
P-47 Strafing Run
M4A3E8 Sherman Easy Eight
Advanced Air Reconnaissance
P-47 Strafing Run
Riflemen Squad
M18 Hellcat Tank Destroyer
P-47 Strafing Run
P-47 Strafing Run
M18 Hellcat Tank Destroyer
Riflemen Squad
P-47 Dive Bomb
P-47 Strafing Run
Riflemen Squad
M18 Hellcat Tank Destroyer
M1 Anti-tank Gun Team
P-47 Strafing Run
Riflemen Squad
P-47 Strafing Run
M4A3E8 Sherman Easy Eight
Riflemen Squad
Riflemen Squad
P-47 Dive Bomb
rudewoi
Only Furb
PINOCHET
OMJimas
0
0

Comments sign in to comment!

No comments posted yet!